 Dungeon Crawl Stone Soup version 0.22.0-60-ga52c2fcf6e (webtiles) character file.

47 ColeusSanctus the Charmwright (level 3, -1/29 HPs)
             Began as a Demonspawn Skald on Sept 9, 2018.
             Slain by a jackal (3 damage)
             ... on level 2 of the Dungeon.
             The game lasted 00:01:55 (1673 turns).

ColeusSanctus the Charmwright (Demonspawn Skald)    Turns: 1673, Time: 00:01:56

Health: -1/29      AC:  3    Str: 12    XL:     3   Next: 48%
Magic:  0/6        EV: 11    Int: 14    God:
Gold:   35         SH:  0    Dex: 12    Spells: 5/6 levels left

rFire    . . .     SeeInvis .   a - +0 hand axe
rCold    . . .     Gourm    .   (no shield)
rNeg     . . .     Faith    .   b - +0 leather armour
rPois    .         Spirit   .   (no helmet)
rElec    .         Reflect  .   (no cloak)
rCorr    .         Harm     .   (no gloves)
MR       .....                  (no boots)
Stlth    +.........             (no amulet)
HPRegen  0.09/turn              (no ring)
MPRegen  0.10/turn              (no ring)

@: infused
A: demonic guardian 1, rot immunity
a: no special abilities


You were on level 2 of the Dungeon.
You were hungry.

You visited 1 branch of the dungeon, and saw 2 of its levels.

You collected 35 gold pieces.

Inventory:

Hand Weapons
 a - a +0 hand axe (weapon)
Armour
 b - a +0 leather armour (worn)
Scrolls
 c - 2 scrolls of identify {unknown}
 e - a scroll of teleportation {unknown}
 g - 2 scrolls of remove curse {unknown}
 h - a scroll of magic mapping {unknown}
Potions
 f - 2 potions of ambrosia {unknown}
Comestibles
 d - 3 rations


   Skills:
 * Level 3.1 Fighting
 - Level 1.7 Axes
 - Level 0.8 Armour
 - Level 1.7 Dodging
 + Level 2.4 Spellcasting
 + Level 3.1 Charms


You had 5 spell levels left.
You knew the following spells:

 Your Spells              Type           Power        Failure   Level  Hunger
a - Infusion              Chrm           ##..         8%          1    #......

Your spell library contained the following spells:

 Spells                   Type           Power        Failure   Level  Hunger
 Song of Slaying          Chrm           ##......     12%         2    ###....
 Shroud of Golubria       Chrm/Tloc      #.........   22%         2    ###....
 Regeneration             Chrm/Necr      #.........   41%         3    ###....
 Spectral Weapon          Hex/Chrm       #.......     41%         3    ###....


Dungeon Overview and Level Annotations

Branches:
Dungeon (2/15)

Altars:
Dithmenos


Innate Abilities, Weirdness & Mutations

A weak demonic guardian rushes to your aid.
You are immune to rotting.


Message History

You begin infusing your attacks with magical energy.
The jackal closely misses you.
The jackal bites you but does no damage.
The jackal completely misses you.
The jackal bites you but does no damage.
You hit the jackal but do no damage.
The jackal is severely wounded.
You barely miss the jackal. x2; The jackal barely misses you.
The jackal closely misses you. The jackal bites you.
* * * LOW HITPOINT WARNING * * *
The jackal misses you. The jackal bites you.
* * * LOW HITPOINT WARNING * * *
Unknown command.
You hit the jackal.
You kill the jackal!
You hit the jackal but do no damage. You barely miss the jackal.
The jackal barely misses you. The jackal bites you.
* * * LOW HITPOINT WARNING * * *
The jackal bites you.
You die...

#........ .#########
##....<... ..#......
.......... ...._§..
........... .<....# #..
#....... #..#.# ###..
#....... . #...# #...
#....... #.##%..#####..#
##...... #....w.wh@†#..#
##...## ###....###h#..#
#####.####
.....##.......####..)..#
..####
####.....(##.#####
#....##....###
#.......##......##
...##..#####...#..# ##
#..#####.....#.###
#..##...(.........#


You could see 2 dart slugs and 2 jackals.

Vanquished Creatures
  An adder (D:2)
  A leopard gecko (D:2)
  2 giant cockroaches (D:1)
  2 goblins (D:1)
  2 hobgoblins
  8 jackals
  A quokka (D:2)
  2 ball pythons (D:1)
  5 bats
  2 frilled lizards (D:2)
  5 kobolds
  A rat (D:2)
32 creatures vanquished.

Notes
Turn   | Place    | Note
-------+----------+-------------------------------------------
     0 | D:1      | ColeusSanctus the Demonspawn Skald began the quest for the
                  | Orb.
     0 | D:1      | Reached XP level 1. HP: 16/16 MP: 3/3
   216 | D:1      | Gained mutation: A weak demonic guardian rushes to your
                  | aid. [demonic ancestry]
   216 | D:1      | Reached XP level 2. HP: 14/23 MP: 1/5
  1430 | D:2      | Gained mutation: You are immune to rotting. [demonic
                  | ancestry]
  1430 | D:2      | Reached XP level 3. HP: 25/28 MP: 4/6
  1651 | D:2      | Found a shadowy altar of Dithmenos.
  1673 | D:2      | Slain by a jackal

Skill      XL: |  1  2  3 |
---------------+----------+-----
Charms         | 3 |  3.1
Fighting       | 3 |  3.1
Axes           | |  1.7
Armour         | |  0.8
Dodging        | |  1.7
Spellcasting   | |  2.4

Action                   || total
-------------------------++-------
Melee: Hand axe          ||   117
 Cast: Infusion          ||     7
  Eat: Chunk             ||     2
Armor: Leather armour    ||    52
Dodge: Dodged            ||   110
